cohdb
Replays
Latest Replays
All Replays
Popular Replays
Top Player Replays
Match Explorer
How It Works
Community
CoH3 Stats
Reddit
Sign in to upload your games and track your stats! →
Sign in with Steam
Match 39966114
Unlisted
Match 39966114
Overview
Messages
Build Orders
End
Pioneer Squad
Construct Infanterie Kompanie
MG 42 Machine Gun Team
Grenadier Squad
Construct Panzergrenadier Kompanie
251 Medium Carrier
Grenadier Squad
Support Elements
Nebelwerfer 42 Rocket Launcher Team
Pak 40 Anti-tank Gun Team
Construct Panzer Kompanie
Sturmpanzer IV Brummbär
Selects Terror Battlegroup
Selects Heavy Gunnery
Selects No Quarter
Panzer IV Medium Tank
MG 42 Bunker
MG 42 Bunker
MG 42 Bunker
Pak 40 Anti-tank Gun Team
Selects King Tiger Heavy Tank
King Tiger Heavy Tank
marcmorn
WЇЌĭήğ§* ★assasin
★HAL-9000★☠
[SPF] Artanis
Dark Knight
ProxyFox
EisregenKubus0
Kitty
0
0
Comments
sign in to comment!
No comments posted yet!